 Dungeon Crawl Stone Soup version 0.27-a0-1196-g3e9cee4cb2 (console) character file.

Game seed: 17786929791313647629

134 Hector the Chopper (level 5, -5/42 HPs)
             Began as a Formicid Abyssal Knight on May 28, 2021.
             Was a Believer of Lugonu.
             Slain by Blork the orc
             ... wielding a +6 long sword of holy wrath
              (6 damage)
             ... on level 4 of the Dungeon.
             The game lasted 00:09:47 (4572 turns).

Hector the Chopper (Formicid Abyssal Knight)        Turns: 4572, Time: 00:09:48

Health: -5/42      AC:  5    Str: 18    XL:     5   Next: 40%
Magic:  6/6        EV: 10    Int: 11    God:    Lugonu [**....]
Gold:   43         SH:  3    Dex: 10    Spells: 4/4 levels left

rFire    . . .     SeeInvis +   a - +1 hand axe
rCold    . . .     Faith    .   i - +0 buckler
rNeg     . . .     Spirit   .   m - +0 ring mail
rPois    .         Reflect  .   (helmet unavailable)
rElec    .         Harm     .   (no cloak)
rCorr    .         Rampage  .   (no gloves)
Will     .....                  (no boots)
Stlth    ..........             (no amulet)
HPRegen  0.14/turn              (no ring)
MPRegen  0.10/turn              (no ring)

@: no status effects
A: permanent stasis, dig shafts and tunnels, antennae 3, four strong arms
a: Dig, Shaft Self, Renounce Religion, Depart the Abyss, Bend Space


You were on level 4 of the Dungeon.
You worshipped Lugonu.
Lugonu was pleased with you.
You visited 1 branch of the dungeon, and saw 4 of its levels.
You visited the Abyss 1 time.

You collected 43 gold pieces.

Inventory:

Hand Weapons
 a - a +1 hand axe (weapon)
Missiles
 c - 139 stones
Armour
 b - a +0 leather armour
 i - a +0 buckler (worn)
 m - a +0 ring mail (worn)
Magical Staves
 j - a staff of cold
Scrolls
 g - a scroll of fear {unknown}
 h - a scroll of holy word {unknown}
 k - a scroll of amnesia {unknown}
Potions
 d - a potion of brilliance {unknown}
 e - a potion of might {unknown}
 f - 2 potions of curing {unknown}
 l - a potion of magic {unknown}


   Skills:
 + Level 4.0 Fighting
 * Level 4.1 Axes
 + Level 2.7 Armour
 - Level 0.8 Dodging
 * Level 1.2 Shields
 * Level 2.4 Invocations


You had 4 spell levels left.
You didn't know any spells.
Your spell library contained the following spells:

 Spells                   Type           Power      Damage    Failure   Level
 Animate Skeleton         Necr           0%         N/A       63%         1
 Apportation              Tloc           0%         N/A       63%         1
 Corona                   Hex            0%         N/A       63%         1
 Summon Small Mammal      Summ           0%         N/A       63%         1


Dungeon Overview and Level Annotations

Branches:
Dungeon (4/15)
 Temple: D:4-7

Altars:
Trog

Annotations:
D:4 Blork the orc


Innate Abilities, Weirdness & Mutations

You cannot be hasted, slowed, berserked, paralysed or teleported.
You can dig through walls and to a lower floor.
You have a pair of large antennae on your head. (SInv)
Your four strong arms can wield two-handed weapons with a shield.


Message History

You dig through the rock wall.
You retract your mandibles.
You closely miss Blork the orc.
Blork the orc hits you with a +6 long sword of holy wrath.
You barely miss Blork the orc.
Blork the orc hits you with a +6 long sword of holy wrath!
You slash Blork the orc!
Blork the orc is moderately wounded.
Blork the orc hits you with a +6 long sword of holy wrath.
You block Blork the orc's attack.
You barely miss Blork the orc.
Blork the orc is moderately wounded.
You block Blork the orc's attack.
You barely miss Blork the orc.
Blork the orc is moderately wounded.
Blork the orc casts a spell at you. The puff of frost misses you.
You barely miss Blork the orc.
Blork the orc is moderately wounded.
Blork the orc misses you.
You hit Blork the orc but do no damage.
Blork the orc is moderately wounded.
Blork the orc hits you with a +6 long sword of holy wrath!
* * * LOW HITPOINT WARNING * * *
You hit Blork the orc.
Blork the orc is moderately wounded.
Blork the orc hits you with a +6 long sword of holy wrath.
* * * LOW HITPOINT WARNING * * *
You barely miss Blork the orc.
Blork the orc is moderately wounded.
Blork the orc roars loudly.
Blork the orc hits you with a +6 long sword of holy wrath!
* * * LOW HITPOINT WARNING * * *
You block Blork the orc's attack.
You closely miss Blork the orc.
Blork the orc is moderately wounded.
You block Blork the orc's attack.
You hit Blork the orc.
Blork the orc is moderately wounded.
Blork the orc hits you with a +6 long sword of holy wrath.
You die...

... ####...
#...##### ..
##..<... #..#.....
#..##.......
#........
#..#........
#........
#.#.........
#........
#..........#
#.†......
##........####
#.#.....#
#.....####.#o##
##.#######
....#.....#.#.#@#
#..# . ####.o.######
#..# ## #####...###
#..# #.
#.........#### #..#
##. #.......##...###
#.## #..
##......####...###.#
#.. #.......#
###.....# #..
##......# ###...##
#.. #......# ###..#
#..


You could see Blork the orc.

Vanquished Creatures
  Robin (D:2)
  4 adders
  An ufetubus (D:4)
  2 worms
  8 ball pythons
  4 bats
  4 endoplasms (D:1)
  3 giant cockroaches
  6 hobgoblins
  10 jackals (D:1)
  A quokka (D:3)
  2 frilled lizards (D:3)
  13 goblins
  7 kobolds
  7 rats
73 creatures vanquished.

Notes
Turn   | Place    | Note
-------+----------+-------------------------------------------
     0 | Abyss:1  | Hector the Formicid Abyssal Knight began the quest for the
                  | Orb.
     0 | Abyss:1  | Reached XP level 1. HP: 18/18 MP: 2/2
     5 | D:1      | Escaped the Abyss
   244 | D:1      | Reached XP level 2. HP: 18/24 MP: 3/3
   375 | D:1      | Found a faded altar of an unknown god.
   611 | D:1      | Reached XP level 3. HP: 3/30 MP: 4/4
  1867 | D:2      | Reached XP level 4. HP: 34/37 MP: 5/5
  1962 | D:2      | Reached ** piety under Lugonu
  2759 | D:2      | Noticed Robin
  2788 | D:2      | Killed Robin
  2946 | D:2      | Reached skill level 1 in Shields
  3281 | D:3      | Reached XP level 5. HP: 42/42 MP: 6/6
  3688 | D:3      | Noticed an ogre
  3922 | D:3      | Found a bloodstained altar of Trog.
  4551 | D:4      | Noticed Blork the orc
  4570 | D:4      | HP: 1/42 [Blork the orc/+6 long sword of holy wrath (7)]
  4572 | D:4      | Slain by Blork the orc

Illustrated notes

Levels and vault maps discovered:
D:1:      ebering_trefoil_twist, layout_basic, ebering_ecumenical_altar_rust
D:2:      layout_loops_ring, uniq_robin
D:3:      minmay_goblin_kobold_castle, layout_basic, lightli_temple_of_fire
D:4:      layout_cave_pods, marbit_many_paths, kennysheep_mini,
          minmay_temple_entry_from_below_a, serial_shops, shop,
          minmay_mini_ossuary, uniq_blork_the_orc

Skill      XL: |  1  2  3  4  5 |
---------------+----------------+-----
Axes           | 3 4 |  4.1
Fighting       | 4 |  4.0
Shields        | 1 |  1.2
Armour         | |  2.7
Dodging        | |  0.8
Invocations    | |  2.4

Action                   |  1- 3 |  4- 6 || total
-------------------------+-------+-------++-------
Melee: Hand axe          |    84 |   158 ||   242
 Abil: Dig               |       |     9 ||     9
Armor: Leather armour    |    29 |    31 ||    60
       Ring mail         |       |     1 ||     1
Dodge: Dodged            |    58 |    70 ||   128
Block: Buckler           |       |    27 ||    27

Table legend: (Time is in decaauts)
 A = Elapsed time spent in this place.
 B = Non-inter-level travel time spent in this place.
 C = Inter-level travel time spent in this place.
 D = Time resting spent in this place.
 E = Time spent auto-exploring this place.
 F = Levels seen in this place.
 G = Mean time per level.
                   A        B        C        D        E       F      G
               +--------+--------+--------+--------+--------+-----+--------+
         Total |   4628 |   4314 |    314 |    928 |   2289 |   5 |  925.6 |
       Dungeon |   4623 |   4309 |    314 |    928 |   2289 |   4 | 1155.8 |
         Abyss |      5 |      5 |      0 |      0 |      0 |   1 |    5.0 |
               +--------+--------+--------+--------+--------+-----+--------+

Top non-repeatable levels by time:
     D:1: 1887 daAuts
     D:2: 1392 daAuts
     D:3: 1177 daAuts
     D:4: 165 daAuts
 Abyss:1: 5 daAuts
